 Dungeon Crawl Stone Soup version 0.17.2-1-ge4368a0 (webtiles) character file.

120 tidbits the Insei (level 4, 0/34 HPs)
             Began as a Demigod Transmuter on Sept 21, 2017.
             Slain by an adder (2 damage)
             ... on level 3 of the Dungeon.
             The game lasted 00:05:55 (656 turns).

tidbits the Insei (Demigod Transmuter)               Turns: 656, Time: 00:05:55

Health: 0/34       AC:  2    Str: 13    XL:     4   Next: 47%
Magic:  1/9        EV: 20    Int: 25    God:
Gold:   86         SH:  0    Dex: 21    Spells: 3 memorised, 1 level left

rFire  . . .     SeeInvis .       - Unarmed
rCold  . . .     Clarity  .     (armour currently unavailable)
rNeg   . . .     SustAt   +     (shield currently unavailable)
rPois  x         Gourm    .     (helmet currently unavailable)
rElec  .         Spirit   .     (cloak currently unavailable)
rCorr  .         Warding  .     (gloves currently unavailable)
rMut   .         Stasis   .     (boots currently unavailable)
MR     .....                    (no amulet)
Stlth  ++........               (no ring)
                                l - +6 ring of intelligence

@: lethally poisoned (0 -> -16), spider-form (expiring), not resistant to
hostile enchantments, unstealthy
A: high mp 1, sustain attributes
a: End Transformation


You were on level 3 of the Dungeon.
You were not hungry.
You were a venomous arachnid creature.
You visited 1 branch of the dungeon, and saw 3 of its levels.

You collected 86 gold pieces.

Inventory:

Missiles
 a - 28 arrows
Armour
 b - a +0 robe (melded)
Jewellery
 l - a +6 ring of intelligence (left front leg)
   (You found it on level 2 of the Dungeon)
Scrolls
 e - 2 scrolls of enchant armour {unknown}
 f - a scroll of teleportation {unknown}
 g - 2 scrolls of remove curse
 j - a scroll of fog {unknown}
Books
 c - a book of Changes

   Spells                             Type                      Level
   a - Beastly Appendage              Transmutation                1
   b - Sticks to Snakes               Transmutation                2
   c - Spider Form                    Transmutation/Poison         3
   d - Ice Form                       Ice/Transmutation            4
   e - Blade Hands                    Transmutation                5
 i - a book of Spatial Translocations
   (You found it on level 3 of the Dungeon)

   Spells                             Type                      Level
   a - Apportation                    Translocation                1
   b - Blink                          Translocation                2
   c - Shroud of Golubria             Charms/Translocation         2
   d - Portal Projectile              Translocation                3
   e - Teleport Other                 Translocation                3
   f - Passage of Golubria            Translocation                4
Comestibles
 d - 2 bread rations
 h - a meat ration


   Skills:
 - Level 0.8 Fighting
 - Level 1.7 Dodging
 + Level 4.0 Unarmed Combat
 - Level 2.1 Spellcasting
 + Level 3.1 Transmutations


You had one spell level left.
You knew the following spells:

 Your Spells              Type           Power        Failure   Level  Hunger
e - Beastly Appendage     Trmt           ###...       12%         1    None
k - Sticks to Snakes      Trmt           ###.......   17%         2    ##.....
p - Spider Form           Trmt/Pois      ##........   36%         3    ###....


Dungeon Overview and Level Annotations

Branches:
Dungeon (3/15)

Portals:
Sewer: D:3


Innate Abilities, Weirdness & Mutations

You have an increased reservoir of magic (+10% MP).
Your attributes are resistant to harm.


Message History

Your Transmutations skill increases to level 3!
You have reached level 4!
Your transformation is almost over.
You see here 11 gold pieces.
You now have 86 gold pieces (gained 11).
Your magical contamination has completely faded away.
Things that are here:
a war axe; a ring mail; an orc corpse Your transformation has ended.
Your +0 robe unmelds from your body.
Wield which item (- for none, * to show all)? (? for menu, Esc to quit)
a - 29 arrows (in hand)
You swing at nothing.
You swing at nothing.
You swing at nothing.
You swing at nothing.
You swing at nothing.
All of the chunks of flesh in your inventory have rotted away.
You swing at nothing.
You swing at nothing.
You swing at nothing.
You swing at nothing.
You swing at nothing.
You swing at nothing.
You hear the slow rusting of a drain.
You swing at nothing.
You swing at nothing.
You swing at nothing.
You swing at nothing.
You can't rest with a hostile monster in view!
Unknown command.
Casting: Spider Form
Confirm with . or Enter, or press ? or * to list all spells.
You turn into a venomous arachnid creature.
Your 29 arrows fall away!
You are now empty-handed.
Your +0 robe melds into your body.
Casting: Spider Form
Confirm with . or Enter, or press ? or * to list all spells.
You create a snake!
You open the door. The adder bites you.
You are poisoned.
The adder poisons you!
You barely miss the adder.
You feel sick. The adder bites you but does no damage.
Your ball python misses the adder.
Your ball python barely misses the adder.
You completely miss the adder.
You feel sick. The adder bites your ball python.
Your ball python dies!
The adder closely misses you.
You hit the adder but do no damage.
The adder is poisoned.
You feel sick. The adder misses you.
You barely miss the adder.
The adder is lightly wounded.
You feel sick. The adder bites you.
You are more poisoned.
The adder poisons you!
You hit the adder.
The adder is heavily wounded.
Your transformation is almost over.
You feel sick.
You hit the adder.
You kill the adder!
You feel sick. The adder bites you.
* * * LOW HITPOINT WARNING * * *
You are lethally poisoned!
The adder poisons you!
You hit the adder.
The adder is moderately wounded.
* * * LOW HITPOINT WARNING * * *
You feel sick.
The giant cockroach completely misses you.
The adder misses you.
You hit the adder.
The adder is poisoned.
The adder is severely wounded.
* * * LOW HITPOINT WARNING * * *
You feel sick.
You kill the adder!
Your Unarmed Combat skill increases to level 4!
The giant cockroach completely misses you.
You aren't carrying any potions.
Unknown command.
You bite the giant cockroach!
You kill the giant cockroach!
* * * LOW HITPOINT WARNING * * *
You feel sick. The adder bites you.
* * * LOW HITPOINT WARNING * * *
You closely miss the adder.
* * * LOW HITPOINT WARNING * * *
You feel sick.
You barely miss the adder.
* * * LOW HITPOINT WARNING * * *
You feel sick. The adder completely misses you. The adder misses you.
You hit the adder.
The adder is poisoned.
The adder is severely wounded.
* * * LOW HITPOINT WARNING * * *
You feel sick. The adder misses you. The adder barely misses you.
You hit the adder.
The adder is poisoned.
The adder is heavily wounded.
* * * LOW HITPOINT WARNING * * *
You feel sick. The adder bites you.
You die...

.......#
#..........#
.....).#
##.....(....#
.......#
#...........#
.......# #.# #.....#
######.###)###.....#
#..........)..#
#...#######...#
##..#≈≈≈≈≈#...#
##.#≈≈∩≈≈Ss..#
#.#≈≈≈≈≈#S..#
#.#######..##
#.........##
###########


You could see 2 adders.

Vanquished Creatures
  2 orc priests (D:3)
  4 adders
  A giant gecko (D:1)
  3 bats
  A giant cockroach (D:3)
  A goblin (D:1)
  3 hobgoblins
  2 kobolds (D:1)
  A quokka (D:2)
  2 ball pythons
  3 giant newts
  2 rats (D:1)
25 creatures vanquished.

Vanquished Creatures (collateral kills)
  An adder (D:2)
  A hobgoblin (D:2)
  A rat (D:2)
3 creatures vanquished.

Grand Total: 28 creatures vanquished

Notes
Turn   | Place    | Note
--------------------------------------------------------------
     0 | D:1      | tidbits the Demigod Transmuter began the quest for the Orb.
     0 | D:1      | Reached XP level 1. HP: 15/15 MP: 5/5
    65 | D:1      | Reached skill level 3 in Unarmed Combat
   105 | D:1      | Reached skill level 2 in Spellcasting
   105 | D:1      | Reached XP level 2. HP: 13/22 MP: 5/7
   109 | D:1      | Learned a level 2 spell: Sticks to Snakes
   224 | D:2      | Reached skill level 2 in Transmutations
   400 | D:2      | Reached XP level 3. HP: 14/27 MP: 5/8
   530 | D:3      | Learned a level 3 spell: Spider Form
   586 | D:3      | Found a glowing drain.
   617 | D:3      | Reached skill level 3 in Transmutations
   617 | D:3      | Reached XP level 4. HP: 26/34 MP: 1/9
   651 | D:3      | Reached skill level 4 in Unarmed Combat
   655 | D:3      | HP: 3/34 [poisoned by an adder]
   656 | D:3      | Slain by an adder

Action                   |  1- 3 |  4- 6 || total
-------------------------+-------+-------++-------
Melee: Unarmed           |    72 |    13 ||    85
 Cast: Beastly Appendage |    16 |       ||    16
       Sticks to Snakes  |     3 |     1 ||     4
       Spider Form       |     2 |     1 ||     3
 Abil: End Transformatio |       |     1 ||     1
  Use: Scroll            |     3 |       ||     3
 Stab: Sleeping          |     1 |       ||     1

Table legend:
 A = Turns spent in this place as a percentage of turns spent in the entire game.
 B = Non-inter-level travel turns spent in this place as a percentage of non-inter-level travel turns spent in the entire game.
 C = Inter-level travel turns spent in this place as a percentage of turns spent in this place.
 D = Turns resting spent in this place as a percentage of non-inter-level travel turns spent in this place.
 E = Turns spent auto-exploring this place as a percentage of non-inter-level travel turns spent in this place.
 F = Non-inter-level travel turns spent in this place divided by the number of levels of this place that you've seen.
                   A       B       C       D       E      F
               +-------+-------+-------+-------+-------+----------------------
         Total | 100.0 | 100.0 |   0.0 |   0.0 |   0.0 | 195.0
       Dungeon | 100.0 | 100.0 |   0.0 |   0.0 |   0.0 | 195.0
               +-------+-------+-------+-------+-------+----------------------

Table legend:
 A = Kills in this place as a percentage of kills in entire the game.
 B = Kills by you in this place as a percentage of kills by you in the entire game.
 C = Kills by friends in this place as a percentage of kills by friends in the entire game.
 D = Other kills in this place as a percentage of other kills in the entire game.
 E = Experience gained in this place as a percentage of experience gained in the entire game.
 F = Experience gained in this place divided by the number of levels of this place that you have seen.
                   A       B       C       D       E      F
               +-------+-------+-------+-------+-------+----------------------
         Total | 100.0 | 100.0 | 100.0 |  -nan | 100.0 |  57.3
       Dungeon | 100.0 | 100.0 | 100.0 |  -nan | 100.0 |  57.3
               +-------+-------+-------+-------+-------+----------------------

Vault maps used:
D:1:      dpeg_arrival_connections
D:2:      first_bread
D:3:      lemuel_round_altar, nicolae_overflow_hidden_temple,
          gup_sewer_entry_glass, trog_eyes_of_draining
